 Dungeon Crawl Stone Soup version 0.18.1-50-g88ac8fd (webtiles) character file.

145 magog001 the Shield-Bearer (level 5, 0/47 HPs)
             Began as a Minotaur Fighter on July 14, 2018.
             Was an Initiate of Nemelex Xobeh.
             Slain by Crazy Yiuf
             ... wielding a +4 quarterstaff of chaos
              (20 damage)
             ... on level 3 of the Dungeon.
             The game lasted 00:11:51 (2421 turns).

magog001 the Shield-Bearer (Minotaur Fighter)       Turns: 2421, Time: 00:11:51

Health: 0/47       AC:  6    Str: 22    XL:     5   Next: 6%
Magic:  4/4        EV:  8    Int:  5    God:    Nemelex Xobeh [......]
Gold:   169        SH:  9    Dex:  9    Spells: 0 memorised, 4 levels left

rFire  . . .     SeeInvis .     h - -1 flail (curse)
rCold  . . .     Gourm    .     l - +1 ring mail {rPois}
rNeg   . . .     Faith    .     c - +0 shield
rPois  +         Spirit   .     (helmet restricted)
rElec  .         Dismiss  .     (no cloak)
rCorr  .         Reflect  .     (no gloves)
SustAt .         Harm     .     (no boots)
MR     .....                    (no amulet)
Stlth  ..........               (no ring)
                                (no ring)

@: drained, not resistant to hostile enchantments, extremely unstealthy
A: retaliatory headbutt, horns 2
a: Renounce Religion


You were on level 3 of the Dungeon.
You worshipped Nemelex Xobeh.
Nemelex Xobeh was noncommittal.
You were not hungry.

You visited 1 branch of the dungeon, and saw 3 of its levels.

You collected 169 gold pieces.

Inventory:

Hand Weapons
 a - a +0 war axe
 e - a +0 hunting sling
 h - a cursed -1 flail (weapon)
 r - a +2 flail of crushing
Missiles
 i - 8 tomahawks (quivered)
 o - 19 poisoned needles
Armour
 c - a +0 shield (worn)
 l - a +1 ring mail of poison resistance (worn)
 m - a +0 scale mail
Jewellery
 q - an uncursed ring of ice {unknown}
Scrolls
 k - a scroll of fog
Potions
 d - a potion of might
Comestibles
 b - a meat ration
 f - 2 bread rations
 g - 11 fruits


   Skills:
 * Level 4.7(4.1) Fighting
 - Level 3.2(2.6) Axes
 * Level 4.3(3.7) Armour
 * Level 5.3(4.6) Shields


You had 4 spell levels left.
You didn't know any spells.

Dungeon Overview and Level Annotations

Branches:
Dungeon (3/15)

Altars:
Ashenzari
Makhleb
Nemelex Xobeh
Qazlal

Annotations:
D:3 Crazy Yiuf; pedritolo's ghost, amateur HECK


Innate Abilities, Weirdness & Mutations

You reflexively headbutt those who attack you in melee.
You have a pair of horns on your head.


Message History

Crazy Yiuf the Enlightened comes into view.
He is wielding a quarterstaff of chaos.
Crazy Yiuf shouts!
Crazy Yiuf moves out of view.
Crazy Yiuf says, "You water song!"
You barely miss Crazy Yiuf.
Crazy Yiuf drinks a potion.
Crazy Yiuf seems to grow stronger.
You closely miss Crazy Yiuf. You block Crazy Yiuf's attack.
Crazy Yiuf hits you with a quarterstaff of chaos!
You feel drained.
Your shield prevents you from hitting Crazy Yiuf.
You headbutt Crazy Yiuf!
Crazy Yiuf is moderately wounded.
Crazy Yiuf hits you with a quarterstaff of chaos.
Crazy Yiuf burns you.
You barely miss Crazy Yiuf. Your headbutt misses Crazy Yiuf.
Crazy Yiuf is moderately wounded.
Crazy Yiuf hits you with a quarterstaff of chaos!
You are electrocuted!
You die...
Your body disappears without a glow.

##### #)..#
#...# ...
#### #g#
#... ♣@♣♣
.. ♣♣.♣ #
♣.♣♣ # ♣♣.♣
# ♣.♣♣ #
### ♣♣♣P.♣
## #.#
♣PP.P♣ .# #
#.# ##..##
.# .#
#.####))))#


You could see Crazy Yiuf.

Vanquished Creatures
  5 gnolls
  3 adders (D:2)
  An ooze (D:2)
  2 worms (D:2)
  2 dart slugs
  3 giant geckos
  A ball python (D:2)
  5 giant cockroaches
  3 goblins
  7 hobgoblins
  2 quokkas (D:2)
  11 bats
  3 giant newts
  5 kobolds
  4 rats
  A fungus (D:3)
58 creatures vanquished.

Notes
Turn   | Place    | Note
--------------------------------------------------------------
     0 | D:1      | magog001 the Minotaur Fighter began the quest for the Orb.
     0 | D:1      | Reached XP level 1. HP: 19/19 MP: 0/0
    79 | D:1      | Reached skill level 4 in Shields
   222 | D:1      | Reached XP level 2. HP: 27/27 MP: 1/1
   745 | D:1      | Reached XP level 3. HP: 32/33 MP: 2/2
  1115 | D:2      | Reached XP level 4. HP: 40/40 MP: 3/3
  1363 | D:2      | Reached skill level 5 in Shields
  1700 | D:2      | Reached XP level 5. HP: 47/47 MP: 4/4
  1883 | D:3      | Noticed pedritolo's ghost (amateur HECK)
  2185 | D:3      | Found a stormy altar of Qazlal.
  2369 | D:3      | Found a shattered altar of Ashenzari.
  2370 | D:3      | Found a sparkling altar of Nemelex Xobeh.
  2372 | D:3      | Found a burning altar of Makhleb.
  2384 | D:3      | Became a worshipper of Nemelex Xobeh the Trickster
  2415 | D:3      | Noticed Crazy Yiuf
  2421 | D:3      | Slain by Crazy Yiuf

Skill      XL: |  1  2  3  4 |
---------------+-------------+-----
Shields        | 4 5 |  5.3
Fighting       | 4 |  4.7
Armour         | 4 |  4.3
Axes           | 3 |  3.2

Action                   |  1- 3 |  4- 6 || total
-------------------------+-------+-------++-------
Melee: War axe           |    69 |    45 ||   114
       Headbutt          |    14 |    14 ||    28
       Flail             |       |    30 ||    30
  Use: Scroll            |       |     3 ||     3
       Potion            |       |     1 ||     1
  Eat: Chunk             |     1 |     2 ||     3
       Beef jerky        |       |     1 ||     1
       Fruit             |       |     1 ||     1
Armor: Scale mail        |     5 |       ||     5
       Ring mail         |    33 |    35 ||    68
Dodge: Dodged            |    35 |    19 ||    54
Block: Shield            |    39 |    59 ||    98
